 Dungeon Sprint DCSS version 0.01-2087-gb5e28fc70b (webtiles) character file.

Game seed: 4447652759502706046, levelgen mode: deterministic

327 pasperui the Fighter (level 6, -4/72 HPs) Naga Demonspawn. Began on June 2, 2020. Splashed by a jelly's acid (9 damage) ... in the Dungeon (Sprint I: "Red Sonja"). The game lasted 00:01:23 (141 turns).

pasperui the Fighter (Naga Demonspawn)               Turns: 141, Time: 00:01:23

Health: -4/72      AC: -20   Str: 18    XL:     6 ^: 149
Magic:  9/9        EV: 10    Int: 13    God:
Gold:   162        SH:  0    Dex: 10    Spells: 8/9 levels left

rFire    . . .     Vision   +   a - +0 long sword
rCold    . . .     Gourm    .   (no weapon)
rNeg     . . .     Faith    .   b - +0 leather armour
rPois    +         Spirit   .   (no helmet)
rElec    .         Reflect  .   (no cloak)
rCorr    .         Harm     .   (no gloves)
MR       .....     NoTele   +   (no barding)
Stlth    ++........             (no amulet)
HPRegen  0.34/turn              (no ring)
MPRegen  0.19/turn              (no ring)

@: short of breath, corroded, very slow
A: large, claws 1, see invisible, deformed body, poison resistance, slowness 2,
slow metabolism 1, spit poison 1, rot immunity, constrict 1, AC +2
a: Spit Poison


You were in the Dungeon.
You were not hungry.

You visited 1 branch You collected 162 gold pieces.

Inventory:

Weapons
 a - a +0 long sword (weapon)
Armour
 b - a +0 leather armour (worn)
Wands
 c - a wand of ensnaring (1)
Scrolls
 j - a scroll of blinking
Potions
 e - a potion of curing
 g - a potion of haste
 h - 2 potions of magic
 k - 2 potions of brilliance
Comestibles
 d - a ration
 i - 9 chunks of flesh


   Skills:
 * Level 9.6 Fighting
 - Level 8.0 Long Blades
 - Level 2.4 Dodging
 - Level 3.0 Stealth
 - Level 2.0 Spellcasting
   Level 3.0 Invocations


You had 8 spell levels left.
You knew the following spells:

 Your Spells              Type           Power        Failure   Level  Hunger
a - Flame Tongue          Fire           1 (40)       26%         1    ##.....

Your spell library contained the following spells:

 Spells                   Type           Power        Failure   Level  Hunger
 Blink                    Tloc           N/A          38%         2    ###....
 Call Imp                 Summ           1 (100)      38%         2    ###....
 Slow                     Hex            1 (100)      38%         2    ###....
 Conjure Flame            Fire           1 (100)      63%         3    ####...
 Mephitic Cloud           Pois/Air       1 (100)      63%         3    ####...


Dungeon Overview and Level Annotations

Branches:
Dungeon (1/1)

Altars:
Sif Muna
Vehumet
Wu Jian


Innate Abilities, Weirdness & Mutations

You cannot wear boots.
Your serpentine skin is tough. (AC +2)
You have sharp fingernails. (+2 Unarmed)
You have supernaturally acute eyesight. (+Vis)
Armour fits poorly on your strangely shaped body.
Your system is resistant to poisons. (rPois)
You cover ground very slowly.
You have a slow metabolism.
You can spit poison.
You are immune to rotting.
You can use your snake-like lower body to constrict enemies.


Message History

Unknown command.
You hit the jelly but do no damage. The acid corrodes you!
Your claws burn!
The jelly is severely wounded. (6/17) HP You hit the jelly but do no damage.
The acid corrodes you!
Your claws burn!
The jelly is severely wounded. (6/17) HP The jelly hits you (3).
You are splashed with acid (9)!
* * * LOW HITPOINT WARNING * * *
You hit the jelly but do no damage. The acid corrodes you!
Your claws burn!
* * * LOW HITPOINT WARNING * * *
The jelly is severely wounded. (6/17) HP You hit the jelly but do no damage.
Your claws burn!
* * * LOW HITPOINT WARNING * * *
The jelly is severely wounded. (6/17) HP The jelly misses you (0).
You can't do that yet.
Unknown command.
The jelly hits you (1).
* * * LOW HITPOINT WARNING * * *
You are splashed with acid (9)!
You die...

################
#<.#..'..#.)'..#
#..)..#..'..#..+
#..#####'#####'#
#..# #..# #@#
#..# #### #J#
#..# #_.+ #⌠⌠#
..._# ####
#_.#+# ##+


You could see a jelly.

Vanquished Creatures
  Sigmund (D)
  Ijyb (D)
  An ogre (D)
3 creatures vanquished.

Notes
Turn   | Place    | Note
-------+----------+-------------------------------------------
     0 | D        | pasperui the Naga Demonspawn began the quest for the Orb.
     0 | D        | Reached XP level 1. HP: 19/19 MP: 3/3
     1 | D        | Noticed Ijyb
     7 | D        | Killed Ijyb
     7 | D        | Gained mutation: You have sharp fingernails. (+2 Unarmed)
                  | [demonic ancestry]
     7 | D        | Reached XP level 2. HP: 26/26 MP: 5/5
     7 | D        | Gained mutation: You are immune to rotting. [demonic
                  | ancestry]
     7 | D        | Reached XP level 3. HP: 32/32 MP: 6/6
     7 | D        | Reached XP level 4. HP: 39/39 MP: 7/7
    47 | D        | Noticed an ogre
    53 | D        | Killed an ogre
    53 | D        | Reached skill level 6 in Fighting
    53 | D        | Reached XP level 5. HP: 55/55 MP: 8/8
    73 | D        | Noticed Sigmund
    79 | D        | Killed Sigmund
    79 | D        | Reached skill level 9 in Fighting
    79 | D        | Reached XP level 6. HP: 54/72 MP: 9/9
   128 | D        | Found a shimmering blue altar of Sif Muna.
   129 | D        | Found an ornate altar of the Wu Jian Council.
   130 | D        | Found a radiant altar of Vehumet.
   141 | D        | Splashed by a jelly's acid

Levels and vault maps discovered:
D:        dungeon_sprint_1 [red_sonja_temple_1, red_sonja_temple_small_1]

Skill      XL: |  1  2  3  4  5 |
---------------+----------------+-----
Long Blades    | 8 |  8.0
Fighting       | 6 9 |  9.6
Dodging        | |  2.4
Stealth        | |  3.0
Spellcasting   | |  2.0
Invocations    | |  3.0

Action                   |  1- 3 |  4- 6 || total
-------------------------+-------+-------++-------
Melee: Long sword        |     4 |    14 ||    18
       Unarmed           |     3 |    13 ||    16
       Constrict         |     1 |     2 ||     3
 Abil: Spit Poison       |     1 |     3 ||     4
  Use: Potion            |     1 |     1 ||     2
Armor: Leather armour    |     1 |       ||     1
Dodge: Dodged            |     2 |     6 ||     8
       Rpst.: Unarmed    |     2 |     1 ||     3
       Long sword        |       |     2 ||     2
